[Event "*** Titled Tuesday 3|2 Blitz"]
[Site "Chess.com"]
[Date "2016.01.05"]
[Round "5"]
[White "chess960now"]
[Black "stefanodinn"]
[Result "0-1"]
[WhiteElo "1966"]
[BlackElo "2159"]
[TimeControl "180+2"]
[EndTime "11:58:36 PST"]
[Termination "stefanodinn won by resignation"]

1. d4 d5 2. c4 c6 3. Nf3 Nf6 4. e3 Bf5 5. Bd3 Bxd3 6. Qxd3 e6 7. Nc3 Nbd7 8. O-O Bb4 9. Bd2 a5 10. a3 Be7 11. e4 Nc5 12. dxc5 dxe4 13. Qe3 exf3 14.
Rfd1 O-O 15. Qxf3 Qc8 16. b4 axb4 17. axb4 Rd8 18. Na4 Qc7 19. Bf4 e5 20. Bg5 h6 21.
Bxf6 Bxf6 22. Rxd8+ Rxd8 23. Nb6 e4 24. Qa3 Bxa1 0-1

[Event "*** Titled Tuesday 3|2 Blitz"]
[Site "Chess.com"]
[Date "2016.01.05"]
[Round "5"]
[White "AndroQueen"]
[Black "gumersindo"]
[Result "1-0"]
[WhiteElo "2458"]
[BlackElo "2284"]
[TimeControl "180+2"]
[EndTime "11:58:44 PST"]
[Termination "AndroQueen won by checkmate"]

1. e4 c6 2. d4 d5 3. Nd2 dxe4 4.
Nxe4 Bf5 5. Ng3 Bg6 6. h4 h6 7. Nf3 Nd7 8. Bd3 Bxd3 9. Qxd3 Ngf6 10. Bd2 e6 11. O-O-O Be7 12. Qe2 O-O 13. Nf1 Qc7 14. g4 Nxg4 15. Rg1 h5 16. Ne3 Ndf6 17. Nxg4 Nxg4 18.
Ne5 Bf6 19. Nxg4 hxg4 20. Qxg4 Rad8 21. Bh6 g6 22. h5 Bg7 23. Bxg7 Kxg7 24. hxg6 f5 25.
Qg5 Rh8 26. Rge1 Rde8 27. Rh1 Qd6 28. c3 Qd5 29. Rxh8 Rxh8 30. Qe7+ Kg8 31. Qf7# 1-0

[Event "*** Titled Tuesday 3|2 Blitz"]
[Site "Chess.com"]
[Date "2016.01.05"]
[Round "5"]
[White "pKiLz5Rn9b"]
[Black "bugsbunny444"]
[Result "1-0"]
[WhiteElo "2357"]
[BlackElo "2356"]
[TimeControl "180+2"]
[EndTime "11:58:45 PST"]
[Termination "pKiLz5Rn9b won on time"]

1. e4 e6 2. d4 d5 3. Nd2 Nf6 4. e5 Nfd7 5. Bd3 c5 6. c3 Nc6 7.
Ne2 cxd4 8. cxd4 f6 9. exf6 Nxf6 10. Nf3 Bd6 11. Bf4 Bxf4 12. Nxf4 O-O 13. O-O Qd6 14. Ne2 g6 15. Re1 Ng4 16. Ng3 Qb4 17. h3 Nh6 18. Qc1 Kg7 19. a3 Qb6 20. Qc3 Bd7 21. b4 Rac8 22. Qb2 Rxf3 23. gxf3 Qxd4 24. Qxd4+ Nxd4 25. Kg2 Rc3 26. Red1 Ba4 27. Rac1 Rxa3 28. Rc7+ Nf7 29. Rd2 Kf6 30. f4 Bc6 31. Bxg6 hxg6 32. Rxd4 Nd6 33. Rh7 Rb3 34. h4 Nb5 35. Rd2 Rxb4 36.
h5 Rxf4 37. Rh6 Rg4 38. Kh3 Rg5 39. f4 1-0

[Event "*** Titled Tuesday 3|2 Blitz"]
[Site "Chess.com"]
[Date "2016.01.05"]
[Round "5"]
[White "GianmarcoVaR"]
[Black "AndrewMcStone"]
[Result "1-0"]
[WhiteElo "2284"]
[BlackElo "1983"]
[TimeControl "180+2"]
[EndTime "11:58:46 PST"]
[Termination "GianmarcoVaR won on time"]

1. d4 e6 2. Nf3 f5 3. e3 Nf6 4. c4 b6 5. Nc3 Bb4 6. Qc2 Bb7 7. a3 Bxc3+ 8. Qxc3 Ne4 9. Qc2 O-O 10.
Be2 d6 11. O-O Nd7 12. Ne1 Qh4 13. f3 Ng5 14. Bd3 Rf6 15. b4 Rh6 16. g3 Qh5 17. d5 Nh3+ 18. Kh1 exd5 19. Bxf5 Ne5 20. cxd5 Bxd5 21. e4 Bb7 22. Bxh6 Qxh6 23. Qxc7 1-0

[Event "*** Titled Tuesday 3|2 Blitz"]
[Site "Chess.com"]
[Date "2016.01.05"]
[Round "5"]
[White "Anton_Demchenko"]
[Black "Vorenus_Lucius"]
[Result "1-0"]
[WhiteElo "2673"]
[BlackElo "2459"]
[TimeControl "180+2"]
[EndTime "11:58:55 PST"]
[Termination "Anton_Demchenko won by resignation"]

1. e4 e5 2. Nf3 Nc6 3. Bc4 Nf6 4.
d3 Bc5 5. Bg5 h6 6. Bh4 d6 7. c3 Be6 8. Nbd2 Qe7 9. O-O g5 10.
Bg3 a5 11. a3 Kf8 12. b4 Bb6 13. b5 Nb8 14. a4 Nbd7 15. Qc2 Nh5 16. Kh1 Nf4 17. d4 f6 18. Qb3 Bxc4 19. Nxc4 exd4 20.
Bxf4 gxf4 21. cxd4 Qxe4 22. Rae1 Qd5 23. Qc2 Rg8 24.
Nxb6 cxb6 25. Qh7 Rg7 26. Qxh6 Kf7 27. Re7+ Kxe7 28. Qxg7+ Qf7 29. Re1+ Ne5 30. Qh6 Rg8 31. Qxf4 Qg6 32. g3 Qh5 33. dxe5 dxe5 34. Nxe5 1-0

[Event "*** Titled Tuesday 3|2 Blitz"]
[Site "Chess.com"]
[Date "2016.01.05"]
[Round "5"]
[White "ftorodent"]
[Black "stepanosinovsky"]
[Result "0-1"]
[WhiteElo "2185"]
[BlackElo "2242"]
[TimeControl "180+2"]
[EndTime "11:59:01 PST"]
[Termination "stepanosinovsky won by checkmate"]

1. d4 Nf6 2. c4 g6 3. Nc3 Bg7 4. e4 O-O 5. Nf3 d6 6. Be2 e5 7. O-O Nc6 8. d5 Ne7 9. Ne1 Nd7 10. Nd3 f5 11. Bd2 Nf6 12. f3 f4 13. c5 g5 14. Rc1 Ng6 15. cxd6 cxd6 16. Nf2 h5 17. h3 Rf7 18. Qb3 Nh4 19. Rc2 Bf8 20. Rfc1 a6 21. Na4 b5 22. Nb6 Qxb6 23. Rxc8 Rxc8 24. Rxc8 g4 25. hxg4 hxg4 26. fxg4 Nxe4 27. Be1 Ng3 28. Bf1 Nhf5 29. Rc6 Rh7 30. Rxb6 Ne3 31. Bd3 e4 32. Bxe4 Ne2# 0-1

[Event "*** Titled Tuesday 3|2 Blitz"]
[Site "Chess.com"]
[Date "2016.01.05"]
[Round "5"]
[White "amaidel"]
[Black "AvitalBor"]
[Result "1-0"]
[WhiteElo "2372"]
[BlackElo "2333"]
[TimeControl "180+2"]
[EndTime "11:59:01 PST"]
[Termination "amaidel won by resignation"]

1. e4 e5 2. Nf3 Nc6 3. Nc3 Nf6 4.
g3 Bc5 5. Bg2 d6 6. h3 a6 7. O-O h6 8. d3 Be6 9. Be3 Qd7 10. Kh2 g5 11. d4 exd4 12. Nxd4 O-O-O 13. Nxc6 bxc6 14. Bxc5 dxc5 15. Qe2 c4 16. Rfd1 Qe7 17. e5 Nd7 18. Bxc6 Nb6 19. Bg2 Rxd1 20. Rxd1 Rd8 21.
Rxd8+ Qxd8 22. Qe3 h5 23. Ne4 g4 24. h4 Qd1 25.
Nf6 Qxc2 26. Qd4 c3 27. bxc3 Qxa2 28. Qc5 Kb8 29. Nxh5 a5 30. Nf6 Qc4 31. Qxa5 Bc8 32. h5 Bb7 33. h6 Bxg2 34. h7 Qf1 35. Nd7+ Kc8 36. Nxb6+ Kb7 37. Qa8+ Kxb6 38. Qxg2 1-0

[Event "*** Titled Tuesday 3|2 Blitz"]
[Site "Chess.com"]
[Date "2016.01.05"]
[Round "5"]
[White "maciek_92"]
[Black "rdclayton"]
[Result "1-0"]
[WhiteElo "2336"]
[BlackElo "2113"]
[TimeControl "180+2"]
[EndTime "11:59:04 PST"]
[Termination "maciek_92 won by resignation"]

1. e4 e5 2. Nf3 Nc6 3. Bb5 f5 4. Nc3 fxe4 5. Nxe4 Nf6 6. Qe2 d5 7. Nxf6+ gxf6 8. d4 Bg7 9. dxe5 O-O 10. O-O Nxe5 11. h3 Bf5 12. Bf4 Be4 13. Nd4 c6 14. Bd3 Bxd3 15.
cxd3 Qd7 16. Rad1 c5 17. Nb3 b6 18. Bg3 Rae8 19. Qh5 f5 20. d4 f4 21. Bh2 Ng6 22.
dxc5 d4 23. c6 Qd6 24. Qb5 Ne5 25. Nxd4 f3 26. Bxe5 Rxe5 27. Qc4+ Kh8 28. Nxf3 Qe6 29. Nxe5 1-0

[Event "*** Titled Tuesday 3|2 Blitz"]
[Site "Chess.com"]
[Date "2016.01.05"]
[Round "5"]
[White "wilju"]
[Black "RitchieBlackmore"]
[Result "0-1"]
[WhiteElo "1832"]
[BlackElo "2418"]
[TimeControl "180+2"]
[EndTime "11:59:09 PST"]
[Termination "RitchieBlackmore won by resignation"]

1. e4 c5 2. Nf3 g6 3. d4 cxd4 4. Nxd4 Bg7 5. Nc3 d6 6. Be3 Nf6 7. Be2 Bd7 8. O-O Nc6 9. Qd2 O-O 10. f3 Ne5 11. h3 Rc8 12. b3 Nh5 13. Kh2 Nc6 14.
Nd5 Bxd4 15. Bxd4 Nxd4 16. Qxd4 e6 17. Nb4 a5 18. Nd3 Rxc2 19. Bd1 e5 20. Qxd6 Rxg2+ 21. Kxg2 Bxh3+ 22. Kxh3 Qxd6 23. Be2 Rd8 24. Rad1 Qf6 25. Kg2 Qg5+ 26. Kf2 Qh4+ 27. Ke3 Nf4 28. Nxf4 Qxf4+ 29. Kf2 Rd4 30. Rxd4 exd4 31. Rd1 Qe3+ 32. Ke1 h5 33. Rd3 Qg1+ 34. Kd2 h4 35. f4 Qa1 36. Bf3 Qxa2+ 37.
Kd1 h3 38. e5 h2 39. Bxb7 Qa1+ 40. Kd2 h1=Q 41. Bxh1 Qxh1 42. Rxd4 Qb1 43. Kc3 Qa1+ 44.
Kc4 Kg7 45. Kd5 Kh6 46. Rd3 Kh5 47. e6 Qh1+ 48. Ke5 fxe6 49. Kxe6 Qe4+ 0-1

[Event "*** Titled Tuesday 3|2 Blitz"]
[Site "Chess.com"]
[Date "2016.01.05"]
[Round "5"]
[White "MapleDanish"]
[Black "Aygehovit1992"]
[Result "1/2-1/2"]
[WhiteElo "2072"]
[BlackElo "2398"]
[TimeControl "180+2"]
[EndTime "11:59:18 PST"]
[Termination "Game drawn by agreement"]

1. c4 d6 2. g3 g6 3. Bg2 Bg7 4. Nc3 Nf6 5. d4 O-O 6. Nf3 Nc6 7. O-O a6 8. Qd3 Rb8 9. d5 Nb4 10. Qd1 a5 11. e4 Na6 12. Re1 e5 13. a3 Ne8 14.
Rb1 f5 15. Bg5 Nf6 16. b4 axb4 17. axb4 h6 18. Bxf6 Qxf6 19. Nd2 f4 20. Rf1 g5 21. h3 c5 22. dxc6 bxc6 23. b5 cxb5 24. Rxb5 Be6 25.
Rxb8 Rxb8 26. Nd5 Qf7 27. Qe2 Nc5 28. Rb1 Rxb1+ 29. Nxb1 Qb7 30. Nbc3 Qb3 31. h4 fxg3 32. fxg3 gxh4 33. gxh4 Bxd5 34. Nxd5 Qg3 35. Qf2 Qg4 36. Kh2 Nxe4 37. Ne7+ Kh8 38. Bxe4 Qxe4 39. Qf7 Qxh4+ 40.
Kg2 Qg5+ 41. Kf3 Qf6+ 42. Qxf6 Bxf6 43. Nf5 Kh7 44. Nxd6 Kg6 45. c5 Be7 46. Ke4 Kf6 47. Kd5 h5 48. Ne4+ Kf5 49. Ng3+ Kg4 50. c6 Bd8 51.
Nxh5 Kxh5 52. Kxe5 Bc7+ 1/2-1/2

[Event "*** Titled Tuesday 3|2 Blitz"]
[Site "Chess.com"]
[Date "2016.01.05"]
[Round "5"]
[White "Haridaskesavan"]
[Black "Moltini"]
[Result "0-1"]
[WhiteElo "2099"]
[BlackElo "2182"]
[TimeControl "180+2"]
[EndTime "11:59:23 PST"]
[Termination "Moltini won by resignation"]

1. e4 c5 2. c3 Nf6 3. e5 Nd5 4. g3 e6 5. Bg2 Nc6 6. Nf3 d6 7. exd6 Bxd6 8. O-O O-O 9. d4 cxd4 10. Nxd4 Nxd4 11.
Qxd4 Bc7 12. Na3 Bb6 13. Qd3 Ne7 14. Qxd8 Rxd8 15. Bg5 f6 16. Bf4 e5 17. Bc1 Rb8 18.
Nc4 Bc7 19. Be3 b6 20. Rad1 Be6 21. Na3 a6 22. c4 Nf5 23. b3 Nxe3 24. fxe3 Bd6 25.
Nc2 Bc5 26. Kf2 a5 27. Bd5 Kf7 28. Kf3 Rd6 29. Bxe6+ Kxe6 30. Rxd6+ Bxd6 31. e4 g6 32. Ne3 f5 33. Nd5 Rf8 34. Ke2 Bc5 35. exf5+ gxf5 36.
Re1 h5 37. Kd3 Kd6 38. Rf1 h4 39. Ke2 hxg3 40. hxg3 Ke6 41. Rh1 e4 42. Rh6+ Ke5 43. Nf4 Rg8 44. Rg6 Rh8 45. Re6+ Kd4 46. Rf6 Rh2+ 47.
Kf1 Rxa2 48. Rxf5 e3 49. Ne2+ Ke4 50. Rf4+ Kd3 51. Rf7 Ra1+ 52. Kg2 Kxe2 0-1

[Event "*** Titled Tuesday 3|2 Blitz"]
[Site "Chess.com"]
[Date "2016.01.05"]
[Round "5"]
[White "Zlatan56"]
[Black "TheLancer"]
[Result "1-0"]
[WhiteElo "2575"]
[BlackElo "2395"]
[TimeControl "180+2"]
[EndTime "11:59:25 PST"]
[Termination "Zlatan56 won by resignation"]

1. Nf3 c5 2. g3 g6 3. Bg2 Bg7 4.
O-O Nc6 5. c3 d5 6. d4 cxd4 7.
cxd4 Nh6 8. Nc3 O-O 9. Qb3 Nf5 10. e3 e6 11. Bd2 Na5 12. Qc2 Bd7 13. Rac1 Rc8 14.
Qb1 b5 15. b3 Qb6 16. Ne2 Nd6 17. Ne5 Rfd8 18. Nf4 Be8 19. Rxc8 Rxc8 20. Rc1 Bf8 21. Nfd3 Nab7 22. h4 h5 23. Nf4 b4 24. g4 hxg4 25. Nxg4 Rxc1+ 26. Qxc1 Be7 27. h5 g5 28. Nd3 f6 29. h6 a5 30. Nc5 Bh5 31. Bf3 Bf7 32.
Qc2 Nf5 33. Nd7 Qd8 34. Qc6 Nh4 35. Be2 Nd6 36. Nc5 Kh7 37. Nb7 Nxb7 38. Qxb7 Kg6 39.
Bd3+ Kh5 40. Nxf6+ Bxf6 41. Qxf7+ Kg4 42. Qxe6+ Kh5 43.
Qf7+ Kg4 44. Be2+ Kh3 45. Qe6+ 1-0

[Event "*** Titled Tuesday 3|2 Blitz"]
[Site "Chess.com"]
[Date "2016.01.05"]
[Round "5"]
[White "BahadirOzen"]
[Black "jbj"]
[Result "1-0"]
[WhiteElo "2481"]
[BlackElo "2297"]
[TimeControl "180+2"]
[EndTime "11:59:28 PST"]
[Termination "BahadirOzen won by resignation"]

1. d4 Nf6 2. Nf3 b5 3. e4 Nxe4 4. Bxb5 Bb7 5. O-O e6 6. Re1 Be7 7. c4 Nd6 8. Nc3 Nxb5 9. Nxb5 a6 10. Nc3 d6 11. d5 e5 12. c5 dxc5 13. Qb3 Bc8 14. Nxe5 O-O 15. Bf4 Bd6 16. Rad1 Qf6 17.
Bg3 Bf5 18. Qb7 Nd7 19. Ne4 Qh6 20. Nxd7 Bxg3 21. Ndf6+ gxf6 22. Nxg3 Bg6 23. Qxc7 Rfc8 24. Qa5 f5 25. d6 f4 26. d7 Rd8 27. Ne4 Bf5 28. Nxc5 f3 29. Qxd8+ Rxd8 30. Re8+ Qf8 31. Rxf8+ Kxf8 32. gxf3 Ke7 33. Re1+ Kf8 34. Re8+ Rxe8 35. dxe8=R+ Kxe8 36. Nxa6 Be6 37. Nc7+ Kd7 38. Nxe6 fxe6 39. a4 Kc6 40. a5 Kb5 41. b4 e5 42. Kf1 h5 43. h4 1-0

[Event "*** Titled Tuesday 3|2 Blitz"]
[Site "Chess.com"]
[Date "2016.01.05"]
[Round "5"]
[White "alex_zapata"]
[Black "PowerThinking2650"]
[Result "0-1"]
[WhiteElo "2195"]
[BlackElo "2075"]
[TimeControl "180+2"]
[EndTime "11:59:43 PST"]
[Termination "PowerThinking2650 won by resignation"]

1. e4 e5 2. Nf3 Nc6 3. Bb5 a6 4.
Ba4 Nf6 5. O-O Be7 6. Re1 b5 7. Bb3 d6 8. c3 Bb7 9. d4 O-O 10. Nbd2 Re8 11. Nf1 Bf8 12. Ng3 h6 13. d5 Nb8 14.
Nf5 Nbd7 15. Bc2 Kh7 16. h4 g6 17. Ng3 c6 18. dxc6 Bxc6 19. h5 Nc5 20. hxg6+ fxg6 21. b4 Ne6 22. a4 Nf4 23. axb5 axb5 24. Rxa8 Qxa8 25.
Bxf4 exf4 26. Ne2 Bxe4 27. Nxf4 Bxc2 28. Qxc2 Rxe1+ 29. Nxe1 Qe4 30. Qd2 g5 31. Nfd3 Bg7 32.
Nc2 Nd5 33. Nd4 Bxd4 34. cxd4 Qxd4 35. Qc2 Kg7 36. Qb3 Qc4 37. Qa3 Qd4 38. g3 h5 39.
Kg2 h4 40. Kf1 h3 41. Kg1 Qe4 42. Kf1 h2 43. Qa7+ Kg6 0-1

[Event "*** Titled Tuesday 3|2 Blitz"]
[Site "Chess.com"]
[Date "2016.01.05"]
[Round "5"]
[White "DaPazz"]
[Black "Rating-Schmating"]
[Result "0-1"]
[WhiteElo "1867"]
[BlackElo "2127"]
[TimeControl "180+2"]
[EndTime "12:00:00 PST"]
[Termination "Rating-Schmating won by resignation"]

1. d4 e6 2. c4 Nf6 3. Nc3 Bb4 4. f3 c5 5. e3 Nc6 6. Ne2 d6 7. a3 Bxc3+ 8. Nxc3 e5 9. d5 Ne7 10. Be2 O-O 11. e4 Ng6 12. Bg5 h6 13. Be3 Ne8 14.
Qd2 f5 15. exf5 Bxf5 16. Bd3 Qf6 17. Bxf5 Qxf5 18. Ne4 Rd8 19. O-O-O Nf6 20. Qd3 Nxe4 21. Qxe4 Qxe4 22. fxe4 Nf4 23. g3 Ng6 24. Rdf1 a6 25.
Kd2 b5 26. cxb5 axb5 27. Kc3 Rfe8 28. Rf2 Rd7 29. Rhf1 Rb7 30. b3 b4+ 31. axb4 Rxb4 32. Ra1 Rxe4 33. Kd3 Rb4 34. Ra3 Reb8 35. Kc3 e4 36.
Bf4 Rf8 37. Ra7 Nxf4 38. gxf4 Rf7 39. Ra8+ Kh7 40. Rd8 e3 41. Re2 Rfb7 42. Rb2 R7b6 43. Re8 c4 44. Rxe3 Rxb3+ 45. Rxb3 cxb3 46. Kb2 Rb5 47. Rxb3 Rxb3+ 48. Kxb3 Kg6 49. Kb4 Kf5 50. Kb5 Kxf4 51.
Kc6 Ke5 52. h4 g5 0-1

[Event "*** Titled Tuesday 3|2 Blitz"]
[Site "Chess.com"]
[Date "2016.01.05"]
[Round "5"]
[White "jk13"]
[Black "AdrianaNikolova"]
[Result "1-0"]
[WhiteElo "2239"]
[BlackElo "2173"]
[TimeControl "180+2"]
[EndTime "12:00:02 PST"]
[Termination "jk13 won by checkmate"]

1. d4 d5 2. c4 c6 3. Nf3 Nf6 4.
Nc3 dxc4 5. a4 Bf5 6. Nh4 Be4 7. f3 Bg6 8. e4 e6 9. Nxg6 hxg6 10. Bxc4 Nbd7 11. Bf4 Qa5 12. O-O g5 13. Bg3 Bb4 14. Qb3 Qb6 15. Rfd1 O-O 16. Na2 Be7 17. Qxb6 Nxb6 18.
Bb3 a5 19. Nc1 Rfc8 20. Nd3 c5 21. dxc5 Bxc5+ 22. Nxc5 Rxc5 23. Bf2 Rc6 24. Rac1 Rac8 25. Rxc6 Rxc6 26. g4 Nc4 27. Bd4 e5 28. Bc3 Ne3 29.
Rd8+ Kh7 30. Bxf7 Rc7 31. Bb3 b6 32. Kf2 Nc4 33. Ke2 Rc6 34. Kd3 Rd6+ 35. Rxd6 Nxd6 36.
Bxe5 Nb7 37. Bd4 Nd7 38. Bd5 Nbc5+ 39. Kc4 Nxa4 40. Bc6 Nac5 41. Kb5 Kg6 42. Be3 Kf6 43.
Bd4+ Kf7 44. Bxc5 Nxc5 45. Kxb6 Nd3 46. b3 Ne5 47. Bd5+ Ke7 48. Kxa5 Nxf3 49. h3 Nd2 50. b4 Nf3 51. b5 Kd7 52. Ka6 Kc8 53. Ka7 Ne5 54.
b6 Nd7 55. Be6 Kd8 56. Bxd7 Kxd7 57. b7 Ke6 58. b8=Q Kf6 59. Qd6+ Kf7 60. e5 Kg8 61. e6 Kh7 62. e7 Kg8 63. e8=Q+ Kh7 64. Qdg6# 1-0

[Event "*** Titled Tuesday 3|2 Blitz"]
[Site "Chess.com"]
[Date "2016.01.05"]
[Round "5"]
[White "the_drake"]
[Black "BjarkeSahl"]
[Result "1-0"]
[WhiteElo "2028"]
[BlackElo "2108"]
[TimeControl "180+2"]
[EndTime "12:00:08 PST"]
[Termination "the_drake won by checkmate"]

1. e4 e5 2. Nf3 Nc6 3. Bc4 Bc5 4. b4 Bb6 5. a3 Nf6 6. O-O O-O 7. d3 h6 8. Bb2 d6 9. h3 Kh8 10. Nbd2 Nh5 11. Nxe5 Nxe5 12. Qxh5 Qg5 13. Qxg5 hxg5 14. Kh2 Ng6 15. Nf3 f6 16. Bd4 Kh7 17. a4 Bd7 18. a5 Bxd4 19. Nxd4 Nf4 20. Bb3 Kg6 21. f3 Rh8 22. Rfe1 c6 23. Ne2 Nh5 24.
g4 Nf4 25. Nxf4+ gxf4 26. Kg2 Kg5 27. Rh1 Kh4 28. c4 c5 29. b5 g6 30. Rad1 f5 31.
exf5 gxf5 32. d4 Rae8 33. Rhe1 Rxe1 34. Rxe1 cxd4 35. Rd1 Re8 36. Kf2 Re3 37. Bc2 fxg4 38. hxg4 d5 39. Rxd4 Rc3 40. Bd3 dxc4 41. Bxc4 Rc2+ 42.
Be2 Bxb5 43. Re4 b6 44. axb6 axb6 45. Re5 Bc4 46. Rh5# 1-0

[Event "*** Titled Tuesday 3|2 Blitz"]
[Site "Chess.com"]
[Date "2016.01.05"]
[Round "5"]
[White "Maitreia"]
[Black "TomsKantans"]
[Result "0-1"]
[WhiteElo "2451"]
[BlackElo "2355"]
[TimeControl "180+2"]
[EndTime "12:00:09 PST"]
[Termination "TomsKantans won by resignation"]

1. c4 e5 2. g3 Nc6 3. Bg2 Bc5 4. Nc3 a6 5. d3 d6 6. Nf3 Nf6 7. O-O O-O 8. a3 Ba7 9. b4 Rb8 10. Be3 Nd4 11. Bxd4 exd4 12. Nd5 c6 13. Nxf6+ Qxf6 14. a4 Re8 15. Re1 Bg4 16. h3 Bh5 17. Qb3 Re7 18.
a5 Rbe8 19. Ra2 h6 20. b5 Bc5 21. bxc6 bxc6 22. Qa4 Rc8 23. Rb2 Qe6 24. Kh2 Qd7 25. Reb1 Rce8 26. Ng1 Bxe2 27. Bxc6 Qf5 28. f4 Bxd3 29.
Bxe8 Bxb1 30. Rb8 Kh7 31. Qb3 Bc2 32. Qf3 Re3 33. Qa8 Qg6 34. g4 Qf6 35. f5 Qe5+ 36.
Kg2 Be4+ 37. Nf3 Bxa8 38. Rxa8 Re2+ 39. Kf1 Qe3 0-1

[Event "*** Titled Tuesday 3|2 Blitz"]
[Site "Chess.com"]
[Date "2016.01.05"]
[Round "5"]
[White "SmarterChess"]
[Black "Hollywood_Chess"]
[Result "1/2-1/2"]
[WhiteElo "2127"]
[BlackElo "2117"]
[TimeControl "180+2"]
[EndTime "12:00:17 PST"]
[Termination "Game drawn - insufficient material"]

1. d4 Nf6 2. c4 e6 3. g3 Bb4+ 4. Bd2 Qe7 5. Bg2 Nc6 6. Nf3 Bxd2+ 7. Nbxd2 O-O 8. O-O d6 9. e4 e5 10. d5 Nb8 11. b4 a5 12. a3 Na6 13. Qb3 Bg4 14.
Rfc1 c6 15. h3 Bd7 16. Ne1 cxd5 17. cxd5 Rfc8 18. Nd3 Bb5 19. Nb2 axb4 20. axb4 Qd7 21. Ndc4 Qd8 22. Na5 Qb6 23. h4 Ne8 24. Bh3 Rxc1+ 25. Rxc1 Nxb4 26. Nxb7 Na6 27. Bf1 Qxb7 28. Qxb5 Qxb5 29. Bxb5 Kf8 30. Bxe8 Kxe8 31. Ra1 Nc7 32. Rxa8+ Nxa8 33. f3 Kd7 34. Kf2 Kc7 35. Nc4 Nb6 36.
Na5 Nd7 37. Nc6 g6 38. g4 f5 39. h5 fxe4 40. fxe4 gxh5 41. gxh5 Nf6 42. Kf3 Nxh5 43.
Kg4 Ng7 44. Kg5 h5 45. Ne7 Kd7 46. Nf5 Nxf5 47. Kxf5 Kc7 48. Kg5 Kb6 49. Kxh5 Kc5 50. Kg5 Kd4 51. Kf5 Ke3 52. Ke6 Kxe4 53. Kxd6 Kf5 54.
Kc6 e4 55. d6 e3 56. d7 e2 57. d8=Q e1=Q 58. Qf8+ Kg4 59. Qg7+ Kf3 60. Qf6+ Ke2 61. Qe5+ Kd1 62. Qxe1+ Kxe1 1/2-1/2

[Event "*** Titled Tuesday 3|2 Blitz"]
[Site "Chess.com"]
[Date "2016.01.05"]
[Round "5"]
[White "Malev212"]
[Black "ER404"]
[Result "1-0"]
[WhiteElo "2275"]
[BlackElo "2121"]
[TimeControl "180+2"]
[EndTime "12:00:18 PST"]
[Termination "Malev212 won on time"]

1. Nf3 c5 2. e4 Nc6 3. Bb5 Nf6 4.
Nc3 g6 5. e5 Ng4 6. Bxc6 dxc6 7. h3 Nh6 8. g4 Bg7 9. d3 O-O 10.
Bf4 f5 11. g5 Nf7 12. Qe2 Be6 13. h4 Bd5 14. Nxd5 Qxd5 15. c4 Qe6 16. h5 Rfd8 17.
O-O-O b5 18. hxg6 hxg6 19. Kb1 a5 20. Qf1 bxc4 21. Qh3 cxd3 22. Qh7+ Kf8 23. Rh6 Bxh6 24.
gxh6 c4 25. Nh4 Ke8 26. Nxg6 Kd7 27. Nh4 Rab8 28. Qxf5 Qxf5 29. Nxf5 Ke6 30. Ng7+ Kd5 31. e6 Nd6 32. Re1 Kc5 33. Re5+ Kb6 34. h7 Ka6 35.
Rh5 a4 36. Bxd6 exd6 37. e7 c3 38. b3 axb3 39. exd8=Q 1-0

[Event "*** Titled Tuesday 3|2 Blitz"]
[Site "Chess.com"]
[Date "2016.01.05"]
[Round "5"]
[White "FairChess_on_YouTube"]
[Black "Hikaru"]
[Result "1-0"]
[WhiteElo "2762"]
[BlackElo "2894"]
[TimeControl "180+2"]
[EndTime "12:00:21 PST"]
[Termination "FairChess_on_YouTube won by resignation"]

1. d4 Nf6 2. c4 c6 3. Bf4 g6 4. Nc3 d6 5. Qd2 Nbd7 6. Nf3 Bg7 7. e4 O-O 8. Be2 e5 9. dxe5 dxe5 10. Nxe5 Nxe4 11. Nxe4 Nxe5 12. O-O-O Qxd2+ 13. Rxd2 Be6 14. b3 Rfe8 15. Rhd1 a5 16. Nd6 Re7 17. Nxb7 Nd7 18. Bf3 a4 19. b4 Bc3 20. Re2 Bxb4 21. Bd6 Bxd6 22. Rxd6 Nb6 23. Rxc6 Nd7 24. Rc7 Ra7 25. c5 Kf8 26. c6 Nb6 27. Rxe7 Kxe7 28. Nc5 Kd6 29.
Nxe6 fxe6 30. Kc2 Ra5 31. Kc3 h5 32. Kb4 Rf5 33. Rd2+ Kc7 34. Re2 Kd6 35. h4 g5 36.
hxg5 Rxg5 37. Rd2+ Kc7 38. Re2 Kd6 39. Re4 Nd5+ 40. Kc4 Nb6+ 41. Kb4 Nd5+ 42. Ka3 Nc7 43. Rd4+ Kc5 44. Rxa4 Nb5+ 45. Kb2 Rf5 46. Rh4 Kb6 47. Rxh5 Rf4 48. Rxb5+ 1-0

[Event "*** Titled Tuesday 3|2 Blitz"]
[Site "Chess.com"]
[Date "2016.01.05"]
[Round "5"]
[White "MateusViageiro"]
[Black "GargleBlaster"]
[Result "0-1"]
[WhiteElo "2232"]
[BlackElo "2254"]
[TimeControl "180+2"]
[EndTime "12:00:30 PST"]
[Termination "GargleBlaster won on time"]

1. e4 e5 2. Nf3 Nc6 3. Bb5 f5 4. d3 fxe4 5. dxe4 d6 6. O-O Nf6 7. Bg5 Be7 8. Nbd2 O-O 9. c3 Kh8 10. h3 Qe8 11. Be3 Nh5 12. Kh2 Nf4 13. Bxf4 Rxf4 14.
Qe2 Be6 15. Bc4 Bd7 16. Rh1 Qg6 17. Bd5 Raf8 18. Raf1 Qh5 19. Qe3 b6 20. Kg1 Nd8 21. b4 Ne6 22. Bxe6 Bxe6 23. a3 h6 24. Re1 g5 25.
Ra1 Qg6 26. a4 Rg8 27. Kf1 Bf8 28. a5 h5 29. axb6 axb6 30. Ra7 Rf7 31. Ke2 Bh6 32. g4 hxg4 33. hxg4 Bxg4 34. Kd3 Rh7 35. Nh2 Be6 36. Kc2 d5 37. Qd3 g4 38. Kb2 dxe4 39. Nxe4 Bf5 40.
Qd5 Bxe4 41. Qxe5+ Bg7 0-1

[Event "*** Titled Tuesday 3|2 Blitz"]
[Site "Chess.com"]
[Date "2016.01.05"]
[Round "5"]
[White "Boryboy"]
[Black "motivated_bishop"]
[Result "0-1"]
[WhiteElo "2486"]
[BlackElo "2302"]
[TimeControl "180+2"]
[EndTime "12:00:31 PST"]
[Termination "motivated_bishop won on time"]

1. d4 Nf6 2. Nf3 g6 3. g3 Bg7 4. Bg2 O-O 5. O-O d5 6. c3 Ne4 7.
Bf4 Nd7 8. Qc1 Re8 9. Nbd2 c5 10. Nxe4 dxe4 11. Ng5 cxd4 12. Nxe4 Nf6 13. Rd1 Nxe4 14. Bxe4 Bg4 15. Bxb7 Bxe2 16. Rd2 d3 17. Qe1 e5 18. Be3 Rb8 19. Bg2 Qc7 20. Rc1 e4 21. Rxe2 dxe2 22. Qxe2 f5 23. Bf1 Red8 24. Qc2 Kh8 25. b3 Rbc8 26. Bc4 a5 27. Qe2 a4 28.
h4 axb3 29. axb3 Ra8 30. h5 Qa5 31. hxg6 hxg6 32. Kg2 Bxc3 33. Rh1+ Kg7 34. Bh6+ Kf6 35. Qe3 Bd2 36. Qe2 Bxh6 37. Qb2+ Kg5 38. Qc1+ Qd2 39. Qg1 e3 40. Kh3 Qxf2 41. Qc1 Rh8 0-1

[Event "*** Titled Tuesday 3|2 Blitz"]
[Site "Chess.com"]
[Date "2016.01.05"]
[Round "5"]
[White "MinhGTrAn"]
[Black "Gabrielian_Artur"]
[Result "1-0"]
[WhiteElo "2597"]
[BlackElo "2460"]
[TimeControl "180+2"]
[EndTime "12:01:01 PST"]
[Termination "MinhGTrAn won by resignation"]

1. d4 Nf6 2. c4 c5 3. d5 e6 4. Nc3 exd5 5. cxd5 d6 6. e4 g6 7. Nf3 Bg7 8. Nd2 Nbd7 9. Be2 O-O 10. O-O Re8 11. Re1 a6 12. a4 Ne5 13. h3 g5 14.
Nf1 h6 15. Ng3 Bd7 16. f4 gxf4 17. Bxf4 Rb8 18. Qd2 Kh7 19. a5 Ng6 20. Bxd6 Rc8 21. e5 Ng8 22. Bd3 c4 23. Bc2 Qh4 24. Nf5 Bxf5 25.
Bxf5 Rcd8 26. Bc7 Ne7 27. Bxd8 Rxd8 28. Bc2 Kh8 29. Re4 Qh5 30. Rae1 Ng8 31. Bd1 Qg5 32. Qxg5 hxg5 33. Bh5 Nf4 34. Bxf7 Nh6 35. e6 Nxf7 36.
exf7 Rf8 37. Re8 Nd3 38. Rxf8+ Bxf8 39. Re2 Kg7 40. Ne4 Nf4 41. Rd2 Bb4 42. Rc2 Nxd5 43. Rxc4 Bxa5 44. Nxg5 Bb6+ 45. Kh1 Be3 46. Rc8 1-0

[Event "*** Titled Tuesday 3|2 Blitz"]
[Site "Chess.com"]
[Date "2016.01.05"]
[Round "5"]
[White "tac49"]
[Black "volodja49"]
[Result "0-1"]
[WhiteElo "2453"]
[BlackElo "2306"]
[TimeControl "180+2"]
[EndTime "12:01:08 PST"]
[Termination "volodja49 won on time"]

1. e4 e6 2. d4 d5 3. Nd2 dxe4 4. Nxe4 Nd7 5. Nf3 Ngf6 6. Nxf6+ Nxf6 7. Bd3 c5 8. O-O a6 9. Bf4 Bd6 10. Qd2 cxd4 11.
Nxd4 Bxf4 12. Qxf4 O-O 13. Rad1 Qa5 14. Nb3 Qb6 15.
a4 Bd7 16. a5 Qc6 17. Rfe1 Rac8 18. Re5 Qc7 19. Rde1 Rfd8 20. g4 Be8 21. g5 Nd7 22.
R5e4 Qxf4 23. Rxf4 Nc5 24. Nxc5 Rxc5 25. h4 Rxa5 26. b4 Rad5 27. Be4 Rd4 28. c3 R4d7 29. Re3 Rc7 30. Bf3 Rdc8 31. Rd4 Kf8 32. Rd6 Bc6 33. Bxc6 Rxc6 34. Rd7 R6c7 35. Rxc7 Rxc7 36. Kg2 Ke7 37. Kg3 Rc4 38. f4 f6 39. Kg4 f5+ 40.
Kf3 b6 41. Rd3 a5 42. bxa5 bxa5 43. Ke3 Re4+ 44. Kf3 a4 45. Rd2 Rc4 46. Rc2 a3 47. Ke3 Kd6 48. Rf2 Ra4 49. Ra2 Kc5 50. Kd3 g6 51. c4 Kb4 52. Kd4 Kb3 0-1